AoeStats
← Roidz4

Arabia

506111993Analyzed
2v2 RM · 21d ago on Sep 12, 2026· 57m 10s· 4 players
Game mode
Random Map
Map size
Medium (4 player)
Population
200
Speed
Normal
Resources
Standard
Victory
Conquest
Starting age
Dark Age
Ending age
Imperial Age
RankedLock teamsTeams togetherTeam positionsShared explorationLock speedFull tech treeHidden civsTurbo modeCheats
Victory
Defeat
🇳🇱 Franks · Netherlands
1176
+15
🇫🇷 Inca · France
1158
+16
🇿🇦 Portuguese · South Africa
1192
-18
🇩🇪 Turks · Germany
1107
-13
virgilus999
7:25 Loom
9:45 Feudal Age
9:50 Champi Runner
16:09 Arson
16:58 Scale Mail Armor
19:39 Fletching
23:35 Castle Age
22:50 Double-Bit Axe
23:19 Forging
23:39 Champi Warrior
27:38 Town Watch
30:44 Squires
31:10 Chain Mail Armor
39:43 Imperial Age
40:32 Bodkin Arrow
40:38 Padded Archer Armor
40:06 Elite Champi Warrior
41:58 Conscription
41:51 Elite Skirmisher
43:22 Bracer
44:58 Leather Archer Armor
50:14 Pikeman
55:05 Wheelbarrow
Fender
7:56 Loom
10:22 Feudal Age
11:48 Double-Bit Axe
13:43 Scale Barding Armor
17:32 Fletching
17:55 Forging
20:22 Fletching
25:42 Castle Age
24:55 Wheelbarrow
24:35 Gold Mining
27:12 Chain Barding Armor
27:28 Iron Casting
27:00 Husbandry
29:38 Bow Saw
30:59 Stone Mining
34:47 Hand Cart
34:24 Town Watch
39:33 Imperial Age
41:13 Gold Shaft Mining
40:08 Cavalier
42:12 Conscription
46:14 Plate Barding Armor
46:40 Blast Furnace
49:26 Elite Throwing Axeman
50:28 #83
50:12 Chivalry
54:08 Bodkin Arrow
54:14 Padded Archer Armor
54:21 Siege Engineers
57:59 Chemistry
57:19 Ballistics
57:12 Masonry
57:18 Leather Archer Armor
57:04 Scale Mail Armor
Roidz4
6:54 Loom
6:59 Loom
9:55 Feudal Age
14:00 Horse Collar
14:07 Double-Bit Axe
17:39 Fletching
24:22 Castle Age
25:13 Crossbowman
26:23 Bow Saw
26:42 Bodkin Arrow
26:54 Scale Mail Armor
27:55 Pikeman
29:04 Heavy Plow
41:53 Ballistics
44:18 Imperial Age
52:04 Chain Mail Armor
51:59 Forging
51:24 Halberdier
t_ass91
11:17 Feudal Age
10:02 Loom
12:03 Double-Bit Axe
18:21 Castle Age
16:20 Fletching
17:23 Town Watch
17:44 Horse Collar
18:46 Crossbowman
24:01 Bodkin Arrow
25:23 Padded Archer Armor
27:39 Wheelbarrow
28:59 Hand Cart
31:12 Ballistics
31:14 Thumb Ring
34:31 Imperial Age
32:14 Stone Mining
41:45 Town Watch
42:15 Forging
51:04 Bloodlines
51:51 Husbandry
Connection lost

Rejoining the realm…

Still unreachable

The connection could not be restored.

Session expired

The server has moved on; the page needs a fresh start.